[Event "Ostravsky Konik FIDE-A 2024"]
[Site "Ostrava"]
[Date "2024.05.02"]
[Round "6.1"]
[White "Swicarz, Maciej"]
[Black "Nguyen, Piotr"]
[Result "0-1"]
[ECO "B06"]
[WhiteElo "2251"]
[BlackElo "2398"]
[Annotator "TA"]
[PlyCount "122"]
[EventDate "2024.04.26"]
[EventType "swiss"]
[EventCountry "CZE"]
[SourceTitle "playchess.com"]
[Source "ChessBase"]
[SourceQuality "1"]
[TimeControl "40/5400+30:1800+30"]

1. e4 g6 2. d4 d6 3. Nc3 Bg7 4. Be3 a6 5. h4 h5 6. Nf3 {[%emt 0:01:46] B06: Modern Defence.} Nf6 7. Ng5 Ng4 8. Bf4 f6 9. Nh3 e5 $146 ({Predecessor:} 9... Nc6 10. f3 Nh6 11. Qd2 e5 12. dxe5 dxe5 13. Bxh6 Rxh6 14. Qxd8+ Nxd8 15. Nd5 Ne6 {1-0 Maslova,P (1761)-Makeeva,T (1950) Privolzhskogo FO-ch (Women) 2012 (6)}) 10. dxe5 dxe5 11. Qxd8+ Kxd8 12. Rd1+ Nd7 13. Bc1 c6 14. Bc4 (14. f3 $5 Nh6 $8 15. Be3 $11) 14... Kc7 15. f4 (15. f3 $11 Nh6 16. a3) 15... Bh6 16. Bf7 exf4 (16... Nf8 $1 $15) 17. Bxg6 f3 18. gxf3 (18. Bxh5 $2 fxg2 19. Rg1 Ne3 $19) 18... Bxc1 19. Rxc1 Nge5 (19... Nde5 $1 $11) 20. Nf4 $16 Nxf3+ 21. Kf2 Nde5 22. Bxh5 Nd4 23. Nce2 (23. Rcg1 {feels hotter.} Bd7 24. Rg7 Nxc2 25. Bd1) 23... Nxe2 (23... Rxh5 $14 24. Nxd4 (24. Nxh5 Nxe2 25. Rcf1 Nd4 $11) 24... Rh7) 24. Bxe2 $16 f5 (24... Bd7 $16 25. h5 Rh7) 25. Rcg1 fxe4 26. Rg7+ (26. h5 $18) 26... Kb6 27. Re7 (27. h5 $18) 27... Ng4+ $16 28. Bxg4 $1 Bxg4 29. Rxe4 (29. h5 {keeps more tension.} Raf8 30. Ke3 Rh6 31. Rg7) 29... Bf5 30. Rb4+ Kc7 31. c3 Raf8 32. Ke3 Rf7 33. Nd3 Rg8 34. Nc5 Bc8 (34... b6 $11 35. Nxa6+ Kb7 36. Nc5+ Ka8 37. Ra4+ (37. Rxb6 Re7+ 38. Kf3 Bg4+ 39. Kf4 Rf8+ 40. Kxg4 Rg7+ 41. Kh3 Rf3+ 42. Kh2 Rf2+ 43. Kh3 Rf3+ 44. Kh2 Rf4 $11) 37... Kb8) 35. Rf4 $16 Re7+ 36. Kf2 ({White should play} 36. Ne4 $16) 36... Rge8 $11 37. Kg3 b6 38. Nd3 (38. Nb3 $11) 38... Re3+ $17 39. Rf3 {[%emt 0:00:24] [#]} c5 $1 40. Nxc5 Rg8+ (40... bxc5 41. Rxe3 Rxe3+ 42. Kf4 $19) 41. Kf2 Rxf3+ 42. Kxf3 bxc5 43. Rh2 Kd6 ({Black should try} 43... Bg4+ $17 44. Ke4 Rh8) 44. Kf4 Rg4+ 45. Kf3 Ke5 46. Re2+ Kd6 ({Better is} 46... Kf5 $15 47. Re7 Rxh4) 47. Re8 (47. Rh2 $1 $11 {remains equal.}) 47... Bd7 $17 48. Rh8 Rg1 49. h5 {[%emt 0:00:00] [#]} Rb1 $1 50. b3 Rc1 51. c4 Rc2 52. h6 $2 (52. Rh6+ Be6 53. Rh7) 52... Rxa2 $19 53. h7 $2 (53. Kg3 Ra1 54. Kf4) 53... Rh2 $19 54. Kf4 Rh5 55. Ra8 Rxh7 56. Rxa6+ Bc6 57. Ra1 Rf7+ 58. Kg4 Ke5 59. Ra6 Bf3+ 60. Kg3 Be4 61. Rb6 Rb7 (61... Rg7+ $142 62. Kf2 Rb7 63. Ra6 Rxb3 64. Rh6 Kd4 65. Rh4 Rf3+ 66. Ke2 Rc3 67. Kf2 Rc2+ (67... Rxc4 $2 68. Kg3 $19) 68. Kg3 Rxc4 69. Rh8 Rc3+ 70. Kg4 c4 71. Rd8+ Bd5 72. Rb8 Rb3 73. Rh8 c3 74. Kf5 c2 75. Rc8 Rc3 76. Rxc3 Kxc3 77. Kg5 c1=Q+ (77... c1=B+ {gets mated.} 78. Kg6 Bc4 79. Kg7 Kd4 80. Kf6 Kd5 81. Kf7 Bd3 82. Kf8 Ke6 83. Ke8 Bg6+ 84. Kd8 Kd6 85. Kc8 Kc6 86. Kd8 Bg5+ 87. Kc8 Bf5+ 88. Kb8 Be3 89. Ka8 Kb6 90. Kb8 Bf4+ 91. Ka8 Be4#) 78. Kf5 Kd4 79. Kf6 Qh6+ 80. Ke7 Qe6+ 81. Kd8 Qd6+ 82. Ke8 Qc7 83. Kf8 Qf7#) 0-1

[Event "Ostravsky Konik FIDE-A 2024"]
[Site "Ostrava"]
[Date "2024.05.02"]
[Round "6.2"]
[White "Rudolf, Michal"]
[Black "Bujnoch, Radek"]
[Result "1/2-1/2"]
[ECO "C67"]
[WhiteElo "2268"]
[BlackElo "2307"]
[Annotator "TA"]
[PlyCount "65"]
[EventDate "2024.04.26"]
[EventType "swiss"]
[EventCountry "CZE"]
[SourceTitle "playchess.com"]
[Source "ChessBase"]
[SourceQuality "1"]
[TimeControl "40/5400+30:1800+30"]

1. e4 e5 2. Nf3 Nc6 3. Bb5 Nf6 4. O-O Nxe4 5. Re1 Nd6 6. Nxe5 Be7 7. Bf1 Nxe5 8. Rxe5 O-O 9. d4 Bf6 10. Re1 Re8 11. Nc3 Rxe1 12. Qxe1 Bxd4 13. Nd5 {[%emt 0:00:18] [#] Bf4 would now be deadly.} c6 14. Bf4 Ne8 (14... Nf5 $15 15. Bc7 Qf8) 15. Ne7+ $11 {[%emt 0:01:41] The position is equal.} Kf8 16. Nxc8 Qf6 $1 {[%emt 0:00:10] [#]} (16... Qxc8 17. Qe4 Bxf2+ 18. Kxf2 $18) 17. Rd1 $1 {[%emt 0:02:36][%cal Od1d4] aiming for Rxd4!} Rxc8 18. Qe4 Bb6 19. Rxd7 {[%emt 0:01:52][%cal Oe4h7] Qxh7! is the strong threat.} Rd8 $1 20. Rxd8 (20. Rxb7 Bxf2+ 21. Kh1 (21. Kxf2 $2 {is the wrong capture.} Nd6 $19) 21... Rd1 $17) 20... Qxd8 21. Be5 Qd2 22. Bg3 (22. Qe2 {simplifies} Qxe2 23. Bxe2 f5 24. g3) 22... Qd4 23. Qxd4 Bxd4 {[%emt 0:00:05][%mdl 4096] Endgame. KBB-KBN} 24. c3 Bc5 25. Bf4 f5 26. Bd3 g6 27. Kf1 Nf6 28. Ke2 Nd5 29. Bb8 Ke7 30. g3 Ke6 31. h4 a6 32. Bc4 Kf6 33. Bd3 {[%emt 0:38:31] An even fight not without its subleties.   Weighted Error Value: White=0.08 (flawless) /Black=0.07 (flawless) .  Mistake:       	---       	Black=1      Inaccurate:     	White=2     	Black=1      OK:         	White=12    	Black=5      Best:        	---       	Black=4      Strong:       	---       	Black=2} 1/2-1/2

[Event "Ostravsky Konik FIDE-A 2024"]
[Site "Ostrava"]
[Date "2024.05.02"]
[Round "6.3"]
[White "Jafarli, Babak"]
[Black "Zdybel, Przemyslaw"]
[Result "1/2-1/2"]
[ECO "A02"]
[WhiteElo "2187"]
[BlackElo "2264"]
[Annotator "NA RC"]
[PlyCount "88"]
[EventDate "2024.04.26"]
[EventType "swiss"]
[EventCountry "CZE"]
[SourceTitle "playchess.com"]
[Source "ChessBase"]
[SourceQuality "1"]
[TimeControl "40/5400+30:1800+30"]

1. b3 Nf6 2. Bb2 g6 3. f4 Bg7 4. Nf3 O-O 5. g3 d5 6. Bg2 c5 7. O-O b6 8. e3 Bb7 9. Qe2 Nc6 10. Ne5 Nxe5 11. Bxe5 Nd7 12. Bxg7 Kxg7 13. d3 e5 14. f5 e4 15. dxe4 dxe4 16. Nd2 Qe7 17. Rad1 Nf6 18. fxg6 hxg6 19. Rf2 Rad8 20. Rdf1 Rd6 21. g4 Re6 22. c4 Qd6 23. Rf4 Qe7 24. Nb1 Ne8 25. Qe1 Nd6 26. h4 f6 27. Nc3 Re5 28. Qg3 g5 29. R4f2 Bc6 30. Ne2 Rf7 31. Qh3 f5 32. gxf5 Bd7 33. Ng3 gxh4 34. Rf4 Kf8 35. Rxh4 Qg5 36. Rxe4 Nxe4 37. Qh8+ Qg8 38. Qxe5 Qxg3 39. Qxe4 Bc6 40. Qxc6 Qxe3+ 41. Rf2 Qe1+ 42. Bf1 Rg7+ 43. Rg2 Qe3+ 44. Kh1 Qh3+ 1/2-1/2

[Event "Ostravsky Konik FIDE-A 2024"]
[Site "Ostrava"]
[Date "2024.05.02"]
[Round "6.4"]
[White "Ugorek, Kacper"]
[Black "Meers, Hubert"]
[Result "0-1"]
[ECO "A87"]
[WhiteElo "2034"]
[BlackElo "2250"]
[Annotator "TA"]
[PlyCount "80"]
[EventDate "2024.04.26"]
[EventType "swiss"]
[EventCountry "CZE"]
[SourceTitle "playchess.com"]
[Source "ChessBase"]
[SourceQuality "1"]
[TimeControl "40/5400+30:1800+30"]

1. d4 f5 2. c4 Nf6 3. Nf3 g6 4. Nc3 Bg7 5. g3 O-O 6. Bg2 d6 7. O-O Qe8 8. d5 e5 9. dxe6 Qxe6 10. Nd5 Na6 11. Nd4 (11. Rb1 $14 {feels stronger.}) 11... Qe8 (11... Qf7 $11) 12. Nxf6+ $16 Bxf6 13. Bh6 Bg7 14. Bxg7 Kxg7 15. Qd2 Nc5 16. Qc3 Qe5 17. Nb5 (17. f4 $14 Qf6 18. b4) 17... c6 18. Qxe5+ dxe5 19. Nd6 (19. b4 $11 cxb5 20. bxc5 bxc4 21. Rac1) 19... a5 $1 $15 20. Nxc8 Raxc8 21. Rfd1 Rfd8 22. Kf1 Kf6 23. Ke1 e4 24. b3 Ke5 25. Rab1 g5 26. a3 ({White should play} 26. Bf1) 26... a4 (26... Rxd1+ $17 27. Kxd1 a4 28. bxa4 Ra8) 27. b4 {[%emt 0:01:48] Threatens to win with Rxd8.} Nb3 $36 {[%emt 0:02:53][%mdl 2048] Black fights for an advantage.} 28. c5 {[%emt 0:03:19] [#]} (28. e3 $11) 28... Nd4 $1 $17 29. Rdc1 {[%emt 0:02:23] Prevents Nc2+} f4 {[%emt 0:11:40] Black is more active.} 30. Bf1 (30. Rc4 $17 {keeps fighting.}) 30... Nb3 31. Rd1 {[%emt 0:03:11] [#]} e3 $1 32. fxe3 fxe3 33. Bh3 Ra8 34. Rd3 (34. Rd6 Rxd6 35. cxd6) 34... Rxd3 $19 {[%emt 0:01:09] Black is clearly winning.} 35. exd3 {[%emt 0:00:02][%mdl 4096] Endgame. KRB-KRN} Rf8 36. Rb2 {[%emt 0:01:36] Wards off Rf2} Kd4 37. Bf1 Nd2 38. Be2 Kc3 39. Ra2 Kb3 ({Stronger than} 39... Rf2 40. Rxd2 Rxh2 41. Rd1 $11) 40. Ra1 Rf2 {[%emt 0:01:32] Weighted Error Value: White=0.53/Black=0.13 (very precise) .  Mistake:       	White=7     	Black=2      Inaccurate:     	White=5     	Black=2      OK:         	White=8     	Black=6      Best:        	White=3     	Black=1      Strong:       	---       	Black=3} 0-1

[Event "Ostravsky Konik FIDE-A 2024"]
[Site "Ostrava"]
[Date "2024.05.02"]
[Round "6.5"]
[White "Romanishin, Oleg M"]
[Black "Pancewicz, Szymon"]
[Result "1-0"]
[ECO "A05"]
[WhiteElo "2372"]
[BlackElo "1965"]
[Annotator "TA"]
[PlyCount "55"]
[EventDate "2024.04.26"]
[EventType "swiss"]
[EventCountry "CZE"]
[SourceTitle "playchess.com"]
[Source "ChessBase"]
[SourceQuality "1"]
[TimeControl "40/5400+30:1800+30"]

1. Nf3 Nf6 2. g3 b5 3. Bg2 Bb7 4. O-O e6 5. d3 d5 {[%emt 0:02:30] [#]} 6. c4 $1 bxc4 7. dxc4 c5 8. Qb3 Qb6 {[%emt 0:01:53] White is slightly better.} 9. Nc3 (9. Ne5 {is more complex.} Bd6 10. Bf4 Ke7 11. Nc3) 9... Nbd7 10. Bf4 Be7 (10... dxc4 $1 $11 11. Qxb6 (11. Qxc4 Be7 $14) 11... Nxb6) 11. Ne5 $16 {[%emt 0:00:44] White is more active.} Qxb3 12. axb3 g5 13. Nxd7 gxf4 14. Nxf6+ Bxf6 15. cxd5 fxg3 16. hxg3 Bxc3 17. bxc3 Bxd5 18. Bxd5 exd5 {[%emt 0:00:04][%mdl 4096] Endgame. KRR-KRR} 19. Rfd1 d4 20. cxd4 cxd4 21. Rxd4 O-O 22. Rg4+ Kh8 {[#]} 23. Rga4 $1 Rab8 24. R1a3 ({Weaker is} 24. Rxa7 Rxb3 25. Rd7 Kg7 $11) 24... Rfc8 (24... Kg7 {was necessary.} 25. Rxa7 h5) 25. Rxa7 $18 Kg7 26. Rd7 Rc3 27. Raa7 Rf8 28. Rab7 {[%emt 0:00:30] Black did not feel at home in the position after the opening.   Weighted Error Value: White=0.05 (flawless) /Black=0.21 (precise) .  Mistake:       	---       	Black=3      Inaccurate:     	White=1     	Black=1      OK:         	White=12    	Black=5      Best:        	White=1     	---} 1-0

[Event "Ostravsky Konik FIDE-A 2024"]
[Site "Ostrava"]
[Date "2024.05.02"]
[Round "6.6"]
[White "Decuigniere, Tom"]
[Black "Sobek, Jaroslav"]
[Result "1-0"]
[ECO "E07"]
[WhiteElo "2401"]
[BlackElo "2201"]
[Annotator "TA"]
[PlyCount "55"]
[EventDate "2024.04.26"]
[EventType "swiss"]
[EventCountry "CZE"]
[SourceTitle "playchess.com"]
[Source "ChessBase"]
[SourceQuality "1"]
[TimeControl "40/5400+30:1800+30"]

1. d4 d5 2. c4 e6 3. Nc3 Nf6 4. Nf3 Be7 5. g3 c6 6. Bg2 O-O 7. O-O Nbd7 8. Qd3 b6 9. cxd5 exd5 10. Bf4 Bb7 11. Rfd1 Re8 12. Rac1 {[%emt 0:00:30] The position is equal.} Bf8 13. Qb1 a5 14. Ne5 Nxe5 15. dxe5 (15. Bxe5 $11 g6 16. e4) 15... Nh5 (15... Ng4 $15) 16. Qd3 $11 Nxf4 17. gxf4 Qh4 18. Qg3 Qh5 (18... Qd8 $14) 19. e4 d4 20. Rxd4 b5 21. Rd7 Bc8 22. Rc7 {[%emt 0:00:30] White is much more active.} Ra6 (22... Qh6 $142 23. Nd1 c5) 23. f5 $18 {[%emt 0:00:30][%cal Oe5e6] aiming for e6!} b4 24. Na4 ({Not} 24. Nd5 cxd5 25. Rxc8 Ra8 26. Rxa8 (26. Bf3 Qh6 $18) 26... Rxa8 27. exd5 Re8 $18) 24... c5 (24... Qh6 $142) 25. Nxc5 {[%emt 0:00:30] White is clearly winning.} Ra8 26. Nd3 Ba6 27. Nf4 Qh6 28. R1c6 {[%emt 0:00:30] Weighted Error Value: White=0.13 (very precise) /Black=0.53.  Mistake:       	White=1     	Black=4      Inaccurate:     	---       	Black=3      OK:         	White=6     	Black=4      Best:        	White=1     	---} 1-0

[Event "Ostravsky Konik FIDE-A 2024"]
[Site "Ostrava"]
[Date "2024.05.02"]
[Round "6.7"]
[White "Vesely, Martin"]
[Black "Sernecki, Franciszek"]
[Result "0-1"]
[ECO "D02"]
[WhiteElo "2027"]
[BlackElo "2342"]
[Annotator "TA"]
[PlyCount "50"]
[EventDate "2024.04.26"]
[EventType "swiss"]
[EventCountry "CZE"]
[SourceTitle "playchess.com"]
[Source "ChessBase"]
[SourceQuality "1"]
[TimeControl "40/5400+30:1800+30"]

1. d4 Nf6 2. Nf3 e6 3. g3 b5 4. Bg2 d5 5. O-O Nbd7 6. a4 b4 {[%emt 0:00:33] [#]} 7. c4 $1 bxc3 8. bxc3 Ba6 9. Na3 {[%emt 0:12:10][%cal Oc3c4] The position is equal.} Be7 10. Bf4 c6 {[%emt 0:05:07] Prevents Nb5} 11. Nd2 O-O 12. Re1 Rc8 13. e4 dxe4 14. Nxe4 Nxe4 15. Bxe4 Nf6 16. Bf3 Bd6 17. Bd2 Rb8 18. Bxc6 $2 {[%emt 0:01:56] [#]} (18. Bg5 $11) 18... Bxa3 $1 $19 19. Rxa3 {[%emt 0:05:08][%cal Oc6b5] [#]} Qd6 $1 20. Bf4 Qxa3 {[%emt 0:00:19] Black is clearly winning.} 21. Bxb8 Rxb8 22. Qf3 h6 23. h3 Bc4 24. Qf4 Qb3 25. Bb5 Rc8 {[%emt 0:00:26] Weighted Error Value: White=0.56/Black=0.11 (very precise) .  Loses game:     	White=1     	---        Inaccurate:     	White=4     	Black=1      OK:         	White=4     	Black=8      Strong:       	---       	Black=2} 0-1

[Event "Ostravsky Konik FIDE-A 2024"]
[Site "Ostrava"]
[Date "2024.05.03"]
[Round "7.1"]
[White "Nguyen, Piotr"]
[Black "Bujnoch, Radek"]
[Result "1-0"]
[ECO "E01"]
[WhiteElo "2398"]
[BlackElo "2307"]
[Annotator "TA"]
[PlyCount "71"]
[EventDate "2024.04.26"]
[EventType "swiss"]
[EventCountry "CZE"]
[SourceTitle "playchess.com"]
[Source "ChessBase"]
[SourceQuality "1"]
[TimeControl "40/5400+30:1800+30"]

1. Nf3 d5 2. d4 Nf6 3. c4 c6 4. Nc3 e6 5. g3 dxc4 6. Bg2 Nbd7 7. O-O b5 8. e4 Bb7 9. e5 Nd5 10. Ng5 {[%emt 0:00:11] Qh5 would now be deadly.} h6 11. Nxe6 {[%emt 0:00:10] The position is equal.} fxe6 12. Qh5+ $40 {[%emt 0:00:04][%mdl 128] White has some attack.} Ke7 13. Ne4 $1 {[%emt 0:00:29] And now Nd6 would win.} Qe8 14. Bg5+ hxg5 15. Qxh8 {[%emt 0:00:06][%cal Oe4d6] Strongly threatening Nd6!} Kd8 $1 16. Nxg5 Qe7 17. Qh5 {[%emt 0:00:33][%mdl 1024] White has compensation.} Kc7 (17... N7b6 $1 $11) 18. a4 $14 a6 (18... c5 $14) 19. Qg6 Re8 20. Bh3 Kb8 (20... c5 $2 21. Nxe6+ Kb8 22. axb5 axb5 23. Ra5 cxd4 24. Rxb5 $18) 21. Nxe6 Nc7 $1 22. Nxc7 Kxc7 23. axb5 axb5 {[%emt 0:00:34] [#]} 24. Rfe1 {[%emt 0:05:18] White has more active pieces.} (24. Ra7 $1 $16) 24... Ra8 $2 {[%emt 0:08:03][%mdl 8192] Against b3. This costs Black the game.} (24... Rd8 $1 $11 {and Black has nothing to worry.}) 25. Rxa8 $18 Bxa8 26. Re4 {[%emt 0:08:12][%cal Be1e4,Be4f4,Bf4f7,Bf7d7,Bd7d8][%mdl 32] aiming for Rf4.} c5 27. Rf4 Bd5 {[%emt 0:00:23] Against Rf7} 28. Qa6 {[%emt 0:19:00] Qa7+ is the strong threat.} cxd4 (28... Bb7 $142 29. Qg6 (29. Qxb5 g5 $18) 29... Bd5 30. Bxd7 Kxd7 31. Qf5+ Kc7) 29. Qxb5 $2 (29. Qa7+ Bb7 30. Rxd4 (30. Qxd4 g5 $11) (30. Bxd7 Qxe5 31. Bh3 Bc5 $18)) 29... Nb6 {[%emt 0:09:53] [#] Threatens to win with ...Qc5.} 30. e6 $1 (30. Rxd4 Qxe5 31. Rf4 Bd6 $15) 30... Qc5 $2 ({But not} 30... c3 $2 31. bxc3 (31. Rxd4 $2 {is the wrong capture.} c2 $19) (31. Rf7 Qxf7 32. exf7 c2 $16) 31... Qa3 32. Rf7+ (32. Rxd4 Bd6 $18) (32. cxd4 Be7 $18) 32... Be7 33. Qe8 $18 (33. cxd4 Bc4 $18) (33. Rxg7 dxc3 34. Qd3 Kd6 $11)) (30... Bxe6 31. Qe5+ Qd6 32. Qxe6 Qxe6 33. Bxe6 Bc5) 31. Rf7+ Kd6 32. Qe8 Qc8 33. Rd7+ (33. Qxf8+ Qxf8 34. Rxf8 Bxe6 35. Bxe6 Kxe6 $18) 33... Kc5 34. Rd8 Qa6 35. Qxf8+ Kb5 36. e7 {[%emt 0:00:00] Weighted Error Value: White=0.31/Black=0.59.  Loses game:     	---       	Black=1      Mistake:       	White=2     	Black=4      Inaccurate:     	White=2     	Black=1      OK:         	White=9     	Black=6      Best:        	White=5     	Black=3      Strong:       	White=1     	Black=2} 1-0

[Event "Ostravsky Konik FIDE-A 2024"]
[Site "Ostrava"]
[Date "2024.05.03"]
[Round "7.2"]
[White "Meers, Hubert"]
[Black "Goluch, Piotr"]
[Result "1-0"]
[ECO "B48"]
[WhiteElo "2250"]
[BlackElo "2325"]
[Annotator "TA"]
[PlyCount "77"]
[EventDate "2024.04.26"]
[EventType "swiss"]
[EventCountry "CZE"]
[SourceTitle "playchess.com"]
[Source "ChessBase"]
[SourceQuality "1"]
[TimeControl "40/5400+30:1800+30"]

1. e4 c5 2. Nf3 e6 3. d4 cxd4 4. Nxd4 Nc6 5. Nc3 Qc7 6. Be3 a6 7. Qf3 Bd6 8. Nxc6 bxc6 9. O-O-O {[%emt 0:06:25] The position is equal.} Be5 10. Bd4 Nf6 11. Na4 {[%emt 0:07:30] [#]} ({White should play} 11. Bxe5 $11 Qxe5 12. Qg3 Qxg3 13. hxg3) 11... c5 12. Bxe5 $14 (12. Nxc5 $2 Bxd4 (12... Bxh2 $2 13. e5 $18) 13. Rxd4 Qxc5 $19) 12... Qxe5 13. Nb6 Rb8 14. Nc4 $36 {[%emt 0:00:05][%mdl 2048] White has the initiative. Active counter play!} Qg5+ 15. Kb1 d5 16. exd5 exd5 {[%emt 0:00:03] Loses the game.} (16... O-O $14) 17. h4 $18 Qg4 {[%emt 0:05:16] ...Qxf3 would now be deadly.} 18. Qe3+ Qe6 19. Qg3 Ra8 {[%emt 0:16:49] [#]} (19... Rb4 $16 {was worth a try.}) 20. Qc7 $1 O-O (20... Bd7 21. Nb6) 21. Nb6 Ne4 22. Bc4 (22. Nxa8 Nxf2 23. Bd3 Qg4 $18) (22. Rxd5 $2 Nd2+ 23. Rxd2 Qe1+) 22... dxc4 23. Nxa8 {[%emt 0:03:20] Strongly threatening Rd8.} Nxf2 24. Rhe1 Nxd1 (24... Qf6 $142 25. Rd2 Ne4 (25... c3 $2 26. Rde2 $18)) 25. Rxe6 Bxe6 26. Nb6 Ne3 27. Qxc5 Rd8 28. b3 (28. Qxe3 $2 Rd1+ $17) 28... cxb3 29. axb3 (29. Qxe3 $2 {loses.} bxa2+ (29... Rd1+ $2 30. Kb2 $19) 30. Kb2 Rd1 $19) 29... Nf5 30. g4 Nxh4 31. Qe7 Rd1+ 32. Kb2 {[%emt 0:00:03][%cal Re7e8][%mdl 1024] White has strong compensation.} Ng6 33. Qe8+ Nf8 34. c4 ({Resist} 34. Nc8 g6) 34... g5 $2 (34... Rd2+ {might work better.} 35. Ka3 h6) 35. c5 Rd3 36. Nc4 Rd5 37. c6 Rc5 (37... Bxg4 $142 38. Ne3 Rd2+ 39. Kc1 Re2) 38. Kc3 (38. Nd6 $142) 38... Bxc4 $2 (38... Bd5 39. Kb2 Bxc4 40. bxc4 Rxc4) 39. bxc4 {[%emt 0:00:11] Weighted Error Value: White=0.31/Black=0.47.  Mistake:       	White=2     	Black=7      Inaccurate:     	White=2     	---        OK:         	White=13    	Black=12     Best:        	White=6     	Black=2      Strong:       	White=1     	---} 1-0

[Event "Ostravsky Konik FIDE-A 2024"]
[Site "Ostrava"]
[Date "2024.05.03"]
[Round "7.3"]
[White "Chkhaidze, Nikoloz"]
[Black "Decuigniere, Tom"]
[Result "1/2-1/2"]
[ECO "D02"]
[WhiteElo "2268"]
[BlackElo "2401"]
[Annotator "TA"]
[PlyCount "66"]
[EventDate "2024.04.26"]
[EventType "swiss"]
[EventCountry "CZE"]
[SourceTitle "playchess.com"]
[Source "ChessBase"]
[SourceQuality "1"]
[TimeControl "40/5400+30:1800+30"]

1. Nf3 d5 2. g3 Nf6 3. Bg2 e6 4. O-O Bd6 5. c4 O-O 6. d4 h6 7. Qc2 b6 8. cxd5 exd5 {[%emt 0:00:26] White has an edge.} 9. Nc3 Re8 10. Rd1 a5 {[%emt 0:08:58] [#]} 11. Ne5 $1 Bb7 12. Bf4 Nbd7 13. Nd3 Ne4 14. Bxd6 cxd6 15. Nf4 Ndf6 {[%emt 0:04:43] [#]} 16. Nfxd5 $1 Rc8 (16... Nxd5 17. Nxe4) 17. Qb3 (17. Bxe4 Nxe4 18. Qd3 Qd7) (17. Nxf6+ $16 Qxf6 18. Bxe4 Bxe4 19. Qb3 (19. Nxe4 Qg6 $16)) 17... a4 18. Nxf6+ $1 $14 (18. Qxa4 $2 Bxd5 19. Nxd5 Nxd5 $19) 18... Qxf6 19. Nxe4 (19. Qxa4 $2 Qxf2+ 20. Kh1 Nxg3+ 21. hxg3 Qxg2#) 19... Bxe4 20. Qb5 (20. Qxb6 $2 Bxg2 21. Kxg2 Rxe2 $19) 20... Bxg2 21. Kxg2 Qe6 22. Rac1 (22. Qxa4 $6 Qd5+ 23. e4 Qxe4+ 24. Kg1 Rc2 $15) ({White should try} 22. Rd2 $16) 22... Qxa2 (22... Qe4+ $14 23. Kg1 Rxc1 24. Rxc1 Qxe2 25. Qxa4 b5) 23. e3 $16 (23. Qxb6 Qd5+ 24. Kg1 Rb8 $17) 23... Red8 {[%emt 0:34:14] [#]} (23... Rf8 $142) 24. Ra1 {[%emt 0:00:00] White is more active.} (24. Qxb6 Qd5+ 25. Kg1 h5 $14) ({Better is} 24. d5 $1) 24... Qe6 25. Rxa4 Rc2 $1 26. Qxb6 Rdc8 {[%emt 0:00:00] [#]} (26... Qe4+ $142 27. Kg1 Rdc8) 27. d5 $1 Rxf2+ $2 (27... Qe5 $16) 28. Kxf2 $18 Qh3 {[%emt 0:00:00] ...Rc2+ would now be deadly.} 29. Rad4 $2 (29. Kg1 {leads to mate.} Rc2 30. Qd8+ Kh7) ({White must play} 29. Qxd6 $18 Rc2+ 30. Kf3 (30. Ke1 {is a self mate.} Qxh2 31. Ra8+ Kh7)) 29... Qxh2+ $11 {[%emt 0:00:00] The position is equal.} 30. Kf3 Qh5+ 31. Kf2 Qh2+ 32. Kf3 Qh5+ 33. Kf2 {[%emt 0:01:14][%cal Od4d2] Threatens to win with R4d2!} Qh2+ {[%emt 0:00:00] Weighted Error Value: White=0.26 (precise) /Black=0.44.  Loses game:     	---       	Black=1      Missed win:     	White=1     	---        Mistake:       	White=3     	Black=4      Inaccurate:     	White=1     	Black=2      OK:         	White=8     	Black=9      Best:        	---       	Black=1      Strong:       	White=2     	Black=1      Brilliant:      	White=1     	---} 1/2-1/2

[Event "Ostravsky Konik FIDE-A 2024"]
[Site "Ostrava"]
[Date "2024.05.03"]
[Round "7.4"]
[White "Zdybel, Przemyslaw"]
[Black "Romanishin, Oleg M"]
[Result "1/2-1/2"]
[ECO "C84"]
[WhiteElo "2264"]
[BlackElo "2372"]
[Annotator "TA"]
[PlyCount "57"]
[EventDate "2024.04.26"]
[EventType "swiss"]
[EventCountry "CZE"]
[SourceTitle "playchess.com"]
[Source "ChessBase"]
[SourceQuality "1"]
[TimeControl "40/5400+30:1800+30"]

1. e4 e5 2. Nf3 Nc6 3. Bb5 a6 4. Ba4 Nf6 5. O-O Be7 6. d3 d6 7. c4 O-O 8. h3 Na7 9. Nc3 c5 {[%emt 0:00:15] White has an edge.} 10. Ne1 Nc6 11. f4 exf4 12. Bxf4 Ne8 13. Nd5 Nc7 14. Nf3 Ne6 15. Be3 Bf6 {[%emt 0:15:14] [#]} (15... Rb8 $11 {remains equal.}) 16. Qd2 ({White should try} 16. Nxf6+ $1 $16 Qxf6 17. Nd4) 16... Bd4 17. Nxd4 Ncxd4 18. Bd1 b5 19. b3 a5 20. Bg4 b4 21. Bxe6 Nxe6 22. Qf2 {[%emt 0:01:56] White is much more active.} Bb7 23. a4 f6 24. Qg3 Ra7 25. Qg4 Bc8 26. Qg3 (26. Qh4 $14) 26... Raf7 27. Bf4 Nxf4 28. Rxf4 Qe8 29. Raf1 {[%emt 0:02:45] Weighted Error Value: White=0.15 (very precise) /Black=0.13 (very precise) .  Mistake:       	White=2     	Black=1      Inaccurate:     	White=3     	Black=2      OK:         	White=9     	Black=9} 1/2-1/2